 Dungeon Crawl Stone Soup version 0.31-a0-150-g89dc3ad700 (webtiles) character file.

Game seed: 4861880507958717079

37 qw the Shooter (level 3, 0/21 HPs)
             Began as a Gargoyle Hunter on June 8, 2023.
             Killed from afar by Robin (3 damage)
             ... with a puff of flame
             ... on level 2 of the Dungeon.
             The game lasted 00:00:27 (955 turns).

qw the Shooter (Gargoyle Hunter)                     Turns: 955, Time: 00:00:28

Health: 0/21       AC:  8    Str: 14    XL:     3   Next: 41%
Magic:  3/3        EV: 15    Int:  9    God:
Gold:   85         SH:  0    Dex: 15    Spells: 2/2 levels left

rFire   . . .        Y - +0 shortbow
rCold   . . .        (shield currently unavailable)
rNeg    + . .        d - +0 ring mail
rPois   inf          (no helmet)
rElec   +            (no cloak)
rCorr   .            (no gloves)
SInv    .            (no boots)
Will    .....        (no amulet)
Stlth   +            j - +5 ring of evasion
HPRegen 0.23/turn    (no ring)
MPRegen 0.08/turn

%: no passive effects
@: no status effects
A: sickness immunity, AC +3, negative energy resistance 1, electricity
resistance, torment resistance 1, petrification resistance
a: no special abilities


You were on level 2 of the Dungeon.
You visited 1 branch of the dungeon, and saw 2 of its levels.

You collected 85 gold pieces.


Innate Abilities, Weirdness & Mutations

You are immune to sickness and miasma.
Your stone body is resilient. (AC +3)
You are immune to poison.
You resist negative energy. (rN+)
You are resistant to electric shocks. (rElec)
You are resistant to unholy torment.
You are immune to petrification.


   Skills:
 + Level 2.2 Fighting
 - Level 5.0 Ranged Weapons
 - Level 1.0 Armour
 - Level 1.5 Dodging
 - Level 1.1 Stealth


You had 2 spell levels left.
You didn't know any spells.
Your spell library was empty.

Inventory:

Hand Weapons
 Y - a +0 shortbow (weapon)
Armour
 b - the +2 cloak of Marbles {Will+ rCorr Str+3}
   (You found it on level 2 of the Dungeon)

   Str:       It affects your strength (+3).
   rCorr:     It protects you from acid and corrosion.
   Will:      It increases your willpower.
 d - a +0 ring mail (worn)
Jewellery
 j - a +5 ring of evasion (left hand)
Scrolls
 a - a scroll of teleportation
 c - a scroll of vulnerability {unknown}
 i - a scroll of enchant weapon {unknown}
Potions
 e - a potion of haste
 f - a potion of ambrosia {unknown}
 g - 2 potions of heal wounds {unknown}
 h - a potion of attraction {unknown}

Dungeon Overview and Level Annotations

Branches:
Dungeon (2/15)

Altars:

Shops:
D:1 *?([

Annotations:
D:2 Robin


Message History

You shoot an arrow. The arrow hits the goblin!
You kill the goblin!
Robin roars a battlecry!
The goblin goes into a battle-frenzy!
The goblin misses you.
A kobold comes into view. It is wielding a +0 club.
The goblin hits you with a +0 dagger.
The kobold moves out of view.
You hear a shout! x2
Your Ranged Weapons skill increases to level 5!
You shoot an arrow. The arrow barely misses the goblin.
The goblin barely misses you.
Robin roars a battlecry!
The hobgoblin goes into a battle-frenzy!
You shoot an arrow. The arrow hits the goblin.
The goblin is severely wounded.
A goblin comes into view. It is wielding a +0 club.
Robin zaps a wand.
The puff of flame hits you. The goblin misses you.
You shoot an arrow. The arrow barely misses the goblin.
The goblin closely misses you.
You shoot an arrow. The arrow hits the goblin.
You kill the goblin!
Robin drinks a potion.
Robin seems to speed up.
You shoot an arrow. The arrow closely misses Robin.
The arrow barely misses the goblin.
Robin roars a battlecry!
A hobgoblin comes into view.
You hear a shout!
You shoot an arrow. The arrow hits Robin.
Robin is heavily wounded.
Robin hits you but does no damage.
You shoot an arrow.
The arrow hits Robin but does no damage.
Robin is heavily wounded.
Robin hits you but does no damage. The hobgoblin misses you.
Robin zaps a wand.
The puff of flame misses you.
You shoot an arrow. The arrow hits Robin.
Robin is heavily wounded.
Robin hits you with a +0 dagger. The hobgoblin hits you.
Robin zaps a wand.
The puff of flame hits you.
You die...

#####.##...######
...........)..>.#
#######..#.###..#
.....%...#......#
....##...#......#
....##...##.....#
....##.[.##.....######
....##...###.#.......#
######...#......@###.#
.. #..........gg..K..#
...
#...........gg.##.#
... #.#...........)..
... #
######..........# .##
).. .#...#.....# .#
#.# #.. ..#...#####..
#.# #.###.#...#...#.#
#.###.# #.......#


You could see Robin (fast), 2 hobgoblins, a goblin (strong) and a kobold.

Vanquished Creatures
  3 ball pythons (D:1)
  3 endoplasms
  2 giant cockroaches
  7 goblins
  3 hobgoblins
  6 bats
  3 frilled lizards
  2 kobolds (D:1)
  5 rats
34 creatures vanquished.

Notes
Turn   | Place    | Note
-------+----------+-------------------------------------------
     0 | D:1      | qw the Gargoyle Hunter began the quest for the Orb.
     0 | D:1      | Reached XP level 1. HP: 12/12 MP: 1/1
     0 | D:1      | 0 ||| qw: Version: 0.2-a-119-g7aa9181
     0 | D:1      | 0 ||| qw: Game counter: 2924
     0 | D:1      | 0 ||| qw: Always use a shield: true
     0 | D:1      | 0 ||| qw: God list: Okawaru
     0 | D:1      | 0 ||| qw: Allow faded altars: false
     0 | D:1      | 0 ||| qw: Do Orc after D:15 true
     0 | D:1      | 0 ||| qw: Do second Lair branch before Depths: true
     0 | D:1      | 0 ||| qw: Lair rune preference: random
     0 | D:1      | 0 ||| qw: Plans: Normal
     0 | D:1      | 0 ||| PLANNING D:1-11
    33 | D:1      | 33 ||| DROPPING scroll of butterflies.
    84 | D:1      | Reached XP level 2. HP: 17/17 MP: 2/2
   102 | D:1      | Found Coiwka Fioff's General Store.
   111 | D:1      | 111 ||| SHOPLISTING +0 pair of gloves (45 gold, have 10).
   111 | D:1      | 111 ||| SHOPLISTING potion of cancellation (80 gold, have
                  | 10).
   111 | D:1      | 111 ||| SHOPLISTING scroll of identify (20 gold, have 10).
   121 | D:1      | Found Loavost's Antique Weapon Shoppe.
   129 | D:1      | 129 ||| SHOPLISTING runed orcbow (182 gold, have 10).
   209 | D:1      | Found The Oracle's Delphic Readings.
   219 | D:1      | 219 ||| SHOPLISTING scroll of identify (20 gold, have 10).
   312 | D:1      | Found Ycvommeh's Antique Armour Emporium.
   317 | D:1      | 317 ||| SHOPLISTING ichor-stained robe (102 gold, have 33).
   317 | D:1      | 317 ||| SHOPLISTING pair of boots (81 gold, have 33).
   317 | D:1      | 317 ||| SHOPLISTING pair of fine boots (171 gold, have 33).
   747 | D:1      | 747 ||| UPGRADING to +0 ring mail.
   757 | D:1      | 757 ||| DROPPING +0 leather armour.
   758 | D:1      | 758 ||| UPGRADING to +5 ring of evasion.
   759 | D:1      | 759 ||| READING scroll labelled QOLAFI RAUC.
   760 | D:1      | 760 ||| READING scroll labelled TEWIN DOARCH.
   761 | D:1      | 761 ||| READING scroll labelled ORORITW ENNI.
   762 | D:1      | 762 ||| READING scroll labelled RUECWO ZUOBROH.
   763 | D:1      | 763 ||| READING scroll labelled CIPLUSM GUBO.
   819 | D:2      | Reached XP level 3. HP: 21/21 MP: 3/3
   827 | D:2      | Identified the +2 cloak of Marbles {Will+ rCorr Str+3}
   847 | D:2      | Reached skill level 1 in Armour
   943 | D:2      | Noticed Robin
   948 | D:2      | Reached skill level 5 in Ranged Weapons
   955 | D:2      | HP: 5/21 [Robin/+0 dagger (3)]
   955 | D:2      | Killed from afar by Robin

Levels and vault maps discovered:
D:1:      denvon_arrival_planthouse, layout_basic, serial_shops, shop, shop,
          nicolae_shop_tiny_statue_garden, nicolae_nh_oracle_at_delphi
D:2:      layout_basic, shapermc_ecumenical_altar_mp_urbaneastern, uniq_robin,
          uniq_crazy_yiuf_cottage

Skill      XL: |  1  2  3 |
---------------+----------+-----
Armour         | 1 |  1.0
Ranged Weapons | 5 |  5.0
Fighting       | |  2.2
Dodging        | |  1.5
Stealth        | |  1.1

Action                     || total
---------------------------++-------
   Fire: Shortbow          ||    80
    Use: Scroll            ||     5
 Armour: Leather armour    ||     5
         Ring mail         ||     3
  Dodge: Dodged            ||    23

Table legend:
 A = Non-vault XP
 B = Vault XP
 C = Vault XP percentage of total XP
 D = Non-vault monster count
 E = Vault monster count
 F = Vault count percentage of total count
                 A         B        C        D         E       F
            +---------+---------+-------+---------+---------+-------
      Total |      43 |      11 |  20.4 |      27 |       7 |  20.6
            +---------+---------+-------+---------+---------+-------
        D:1 |      26 |       2 |   7.1 |      17 |       2 |  10.5
        D:2 |      17 |       9 |  34.6 |      10 |       5 |  33.3
            +---------+---------+-------+---------+---------+-------
